 Dungeon Crawl Stone Soup version 0.29-a0-296-gda187f2e07 (webtiles) character file.

Game seed: 3063353546709773677

36 Keinsiegistauchsieg the Shield-Bearer (level 3, 0/33 HPs)
             Began as a Minotaur Fighter on Mar 19, 2022.
             Slain by a gnoll
             ... wielding a +0 whip
              (1 damage)
             ... on level 1 of the Dungeon.
             The game lasted 00:01:03 (883 turns).

Keinsiegistauchsieg the Shield-Bearer (MiFi)         Turns: 883, Time: 00:01:04

Health: 0/33       AC:  8    Str: 22    XL:     3   Next: 19%
Magic:  2/2        EV:  9    Int:  5    God:
Gold:   8          SH:  4    Dex:  9    Spells: 2/2 levels left

rFire   . . .      SeeInvis .   a - +0 war axe
rCold   . . .      Faith    .   c - +0 buckler
rNeg    . . .      Spirit   .   b - +0 scale mail
rPois   .          Reflect  .   (helmet restricted)
rElec   .          Harm     .   (no cloak)
rCorr   .          Rampage  .   (no gloves)
Will    .....                   l - +0 pair of boots
Stlth   ..........              (no amulet)
HPRegen 0.11/turn               (no ring)
MPRegen 0.08/turn               (no ring)

@: no status effects
A: horns 2, retaliatory headbutt
a: no special abilities


You were on level 1 of the Dungeon.
You visited 1 branch of the dungeon, and saw 2 of its levels.

You collected 8 gold pieces.

Inventory:

Hand Weapons
 a - a +0 war axe (weapon)
Armour
 b - a +0 scale mail (worn)
 c - a +0 buckler (worn)
 l - a +0 pair of boots (worn)
Scrolls
 e - a scroll of amnesia {unknown}
 i - a scroll of teleportation {unknown}
 j - a scroll of fear {unknown}
Potions
 d - a potion of might
 f - a potion of heal wounds {unknown}
 g - a potion of degeneration {unknown}
 h - a potion of curing {unknown}
 k - a potion of lignification {unknown}


   Skills:
 + Level 4.0 Fighting
 + Level 2.7 Axes
 + Level 3.9 Armour
 + Level 0.1 Dodging
 + Level 4.1 Shields
 * Level 1.1 Invocations


You had 2 spell levels left.
You didn't know any spells.
Your spell library was empty.

Dungeon Overview and Level Annotations

Branches:
Dungeon (2/15)

Altars:


Innate Abilities, Weirdness & Mutations

You have a pair of horns on your head.
You reflexively headbutt those who attack you in melee.


Message History

Unknown command.
You closely miss the gnoll. You headbutt the gnoll.
The gnoll is lightly wounded.
You block the gnoll's attack. The gnoll completely misses you.
Unknown command.
You closely miss the gnoll.
The gnoll is lightly wounded.
You closely miss the gnoll. x2; The gnoll hits you with a +0 club.
The gnoll hits you but does no damage. The gnoll hits you with a +0 whip.
The gnoll attacks as you move away! You block the gnoll's attack.
Unknown command.
The gnoll hits you but does no damage. x2
There is a stone staircase leading up here.
You block the gnoll's attack. The gnoll barely misses you.
The gnoll hits you with a +0 whip.
You climb upwards.
There is a stone staircase leading down here.
You hit the gnoll.
The gnoll is lightly wounded.
You barely miss the gnoll. x2; The gnoll hits you with a +0 whip.
The gnoll hits you but does no damage. The gnoll hits you with a +0 club.
The gnoll closely misses you. You furiously retaliate!
You headbutt the gnoll. The gnoll hits you with a +0 whip.
The gnoll barely misses you.
Unknown command.
You hit the gnoll but do no damage.
The gnoll is lightly wounded.
You closely miss the gnoll. You barely miss the gnoll.
The gnoll hits you with a +0 whip.
* * * LOW HITPOINT WARNING * * *
The gnoll hits you with a +0 whip.
* * * LOW HITPOINT WARNING * * *
The gnoll hits you with a +0 club.
* * * LOW HITPOINT WARNING * * *
Unknown command.
The gnoll closely misses you. The gnoll attacks as you move away!
The gnoll barely misses you. You furiously retaliate!
You headbutt the gnoll. The gnoll attacks as you move away!
You block the gnoll's attack. The gnoll hits you with a +0 whip.
You die...

#...........###....#
#.........#.######.#
#.........#...####..
############.#####...#.).
##......## #.## ###.#...
##......>.## #..# #.....
#........gg# ##.### ###...
#........g.# #...# ####
#.........@# ###.###
#..........# #...##
#..........########..#####
##............).)........#
#...............รท...##.#.##
#.................)..#.....
#....................###.#.
#>...................# #...
#....................# ###.


You could see 3 gnolls.

Vanquished Creatures
  A gnoll (D:2)
  A dart slug (D:1)
  3 endoplasms
  A giant cockroach (D:1)
  A goblin (D:1)
  2 hobgoblins (D:1)
  2 jackals (D:1)
  A quokka (D:2)
  4 ball pythons (D:1)
  A bat (D:1)
  2 frilled lizards (D:1)
  5 kobolds (D:1)
  A rat (D:1)
25 creatures vanquished.

Notes
Turn   | Place    | Note
-------+----------+-------------------------------------------
     0 | D:1      | Keinsiegistauchsieg the Minotaur Fighter began the quest
                  | for the Orb.
     0 | D:1      | Reached XP level 1. HP: 19/19 MP: 0/0
   214 | D:1      | Reached XP level 2. HP: 24/27 MP: 1/1
   869 | D:2      | Reached skill level 1 in Invocations
   869 | D:2      | Reached XP level 3. HP: 33/33 MP: 2/2
   880 | D:1      | HP: 1/33 [gnoll/+0 club (3)]
   883 | D:1      | Slain by a gnoll

Illustrated notes

Levels and vault maps discovered:
D:1:      erik_arrival_triangle_small, layout_rooms
D:2:      layout_loops_ring, ebering_ecumenical_altar_abandoned

Skill      XL: |  1  2 |
---------------+-------+-----
Shields        | 4 |  4.1
Fighting       | 4 |  4.0
Invocations    | 1 |  1.1
Axes           | |  2.7
Armour         | |  3.9
Dodging        | |  0.1

Action                   || total
-------------------------++-------
Melee: War axe           ||    32
       Headbutt          ||     7
Armor: Scale mail        ||    18
Dodge: Dodged            ||    24
Block: Buckler           ||    17

Table legend: (Time is in decaauts)
 A = Elapsed time spent in this place.
 B = Non-inter-level travel time spent in this place.
 C = Inter-level travel time spent in this place.
 D = Time resting spent in this place.
 E = Time spent auto-exploring this place.
 F = Levels seen in this place.
 G = Mean time per level.
                   A        B        C        D        E       F      G
               +--------+--------+--------+--------+--------+-----+--------+
         Total |    896 |    669 |    227 |      0 |    532 |   2 |  448.0 |
       Dungeon |    896 |    669 |    227 |      0 |    532 |   2 |  448.0 |
               +--------+--------+--------+--------+--------+-----+--------+

Top non-repeatable levels by time:
     D:1: 882 daAuts
     D:2: 14 daAuts
